 Dungeon Crawl Stone Soup version 0.22-a0-833-g8522bf8 (webtiles) character file.

109 iamserjio the Insei (level 4, 0/41 HPs)
             Began as a Draconian Monk on July 25, 2018.
             Slain by a river rat (7 damage)
             ... in a sewer.
             The game lasted 00:07:16 (836 turns).

iamserjio the Insei (Draconian Monk)                 Turns: 836, Time: 00:07:17

Health: 0/41       AC:  5    Str: 13    XL:     4   Next: 60%
Magic:  4/4        EV: 13    Int: 12    God:
Gold:   40         SH:  0    Dex: 13    Spells: 3/3 levels left

rFire    . . .     SeeInvis .     - Unarmed
rCold    . . .     Gourm    .   (no shield)
rNeg     . . .     Faith    .   (armour unavailable)
rPois    .         Spirit   .   (helmet restricted)
rElec    .         Reflect  .   (no cloak)
rCorr    .         Harm     .   (no gloves)
MR       +....                  (no boots)
Stlth    ++........             (no amulet)
HPRegen  0.13/turn              e - ring of protection from magic
MPRegen  0.09/turn              (no ring)

@: no status effects
A: unfitting armour, cold-blooded, AC +5
a: no special abilities


You were in a sewer.
You were not hungry.

You visited 1 branch of the dungeon, and saw 3 of its levels.
You also visited: Sewer.

You collected 40 gold pieces.

Inventory:

Hand Weapons
 g - a +0 hunting sling
Missiles
 m - 13 stones (quivered)
 n - 33 sling bullets
 o - a throwing net {!f}
Jewellery
 e - a ring of protection from magic (left hand)
Scrolls
 b - 2 scrolls of teleportation
 f - a scroll of enchant armour {unknown}
 i - a scroll of fear {unknown}
 j - a scroll of immolation {unknown}
 l - a scroll of noise {unknown}
Potions
 c - a potion of mutation
 h - a potion of resistance
 k - a potion of berserk rage
Comestibles
 a - 5 rations
 d - 2 chunks of flesh


   Skills:
 + Level 4.3 Fighting
 - Level 2.6 Dodging
 - Level 1.7 Stealth
 * Level 4.7 Unarmed Combat


You had 3 spell levels left.
You didn't know any spells.
Your spell library was empty.

Dungeon Overview and Level Annotations

Branches:
Dungeon (3/15)

Altars:
Okawaru


Innate Abilities, Weirdness & Mutations

Your plain brown scales are hard. (AC +5)
You cannot fit into any form of body armour.
You are cold-blooded and may be slowed by cold attacks.


Message History

You hit the river rat but do no damage.
Your tail-slap misses the river rat.
The river rat is moderately wounded.
The rat closely misses you.
The river rat bites you but does no damage.
You hit the river rat.
The river rat is heavily wounded.
The rat bites you but does no damage. The river rat closely misses you.
You closely miss the river rat.
Your tail-slap misses the river rat.
The river rat is heavily wounded.
The rat closely misses you.
You hit the river rat but do no damage.
The river rat is heavily wounded.
The river rat bites you!
* * * LOW HITPOINT WARNING * * *
The rat bites you but does no damage.
Okay, then.
You hit the river rat but do no damage.
The river rat is heavily wounded.
The river rat bites you!
You die...

#......≈≈≈≈≈
......≈≈≈≈≈
#.....≈≈≈≈≈
#r....≈≈≈≈≈
#.....≈≈≈≈
####.....≈≈≈≈
#∩###.....≈≈≈
#.###r....≈≈≈
#..#@r....≈≈≈
##........≈≈≈
##.......≈≈≈
##.....≈≈≈≈
#....≈≈≈≈≈
.....≈≈≈≈≈
#.....≈≈≈≈≈
..#...≈≈≈≈≈
#.###..≈≈≈≈≈


You could see a river rat and a rat.

Vanquished Creatures
  A hound (D:2)
  3 adders (D:2)
  A worm (D:2)
  A dart slug (D:2)
  4 leopard geckos
  2 orcs (D:3)
  5 bats
  3 giant cockroaches
  A goblin (D:1)
  2 hobgoblins
  4 jackals (D:1)
  5 kobolds
  5 frilled lizards
  9 rats
46 creatures vanquished.

Notes
Turn   | Place    | Note
-------+----------+-------------------------------------------
     0 | D:1      | iamserjio the Draconian Monk began the quest for the Orb.
     0 | D:1      | Reached XP level 1. HP: 19/19 MP: 1/1
    95 | D:1      | Reached XP level 2. HP: 22/26 MP: 2/2
   268 | D:2      | Reached XP level 3. HP: 11/33 MP: 3/3
   488 | D:2      | Reached XP level 4. HP: 12/40 MP: 4/4
   665 | D:3      | Found an iron altar of Okawaru.
   774 | D:3      | Found a glowing drain.
   810 | Sewer    | Entered a sewer
   836 | Sewer    | Slain by a river rat

Vault maps used:
D:1:      minmay_arrival_split_and_join
D:2:      grunt_gozag_breadcrumbs
D:3:      portal_sewer_entry_f, okawaru_trees_2
Sewer:    sewer_minmay_treatment

Skill      XL: |  1  2  3 |
---------------+----------+-----
Unarmed Combat | 4 |  4.7
Fighting       | 4 |  4.3
Dodging        | |  2.6
Stealth        | |  1.7

Action                   |  1- 3 |  4- 6 || total
-------------------------+-------+-------++-------
Melee: Unarmed           |   121 |    63 ||   184
       Tailslap          |    15 |     3 ||    18
       Punch             |       |     1 ||     1
  Use: Potion            |     3 |       ||     3
       Scroll            |       |     4 ||     4
 Stab: Sleeping          |       |     2 ||     2
Armor: Skin              |    38 |    20 ||    58
Dodge: Dodged            |    98 |    34 ||   132

Table legend:
 A = Spawn XP
 B = Non-spawn XP
 C = Spawn XP percentage of total XP
 D = Spawn monster count
 E = Non-spawn monster count
 F = Spawn count percentage of total count
 G = Total turns spent on level
                    A         B        C        D         E        F      G
               +---------+---------+-------+---------+---------+-------+---------
         Total |       0 |     157 |   0.0 |       0 |      46 |   0.0 |   836
               +---------+---------+-------+---------+---------+-------+---------
           D:1 |       0 |      17 |   0.0 |       0 |      11 |   0.0 |   194
           D:2 |       0 |     112 |   0.0 |       0 |      20 |   0.0 |   454
           D:3 |       0 |      26 |   0.0 |       0 |      13 |   0.0 |   162
         Sewer |       0 |       2 |   0.0 |       0 |       2 |   0.0 |    26
               +---------+---------+-------+---------+---------+-------+---------
